 Dungeon Crawl Stone Soup version 0.28.0-1-gb440e238dd (webtiles) character file.

Game seed: 537764887413735623

237 issech the Cudgeller (level 5, -1/53 HPs)
             Began as a Troll Monk on Feb 24, 2022.
             Slain by a wyvern zombie (7 damage)
             ... on level 3 of the Dungeon.
             The game lasted 00:08:43 (2532 turns).

issech the Cudgeller (Troll Monk)                   Turns: 2532, Time: 00:08:44

Health: -1/53      AC:  4    Str: 19    XL:     5   Next: 77%
Magic:  4/4        EV: 11    Int:  6    God:
Gold:   127        SH:  0    Dex: 14    Spells: 4/4 levels left

rFire   . . .      SeeInvis .   a - +0 mace
rCold   . . .      Faith    .   (no shield)
rNeg    . . .      Spirit   .   b - +0 robe
rPois   .          Reflect  .   (helmet restricted)
rElec   .          Harm     .   (no cloak)
rCorr   .          Rampage  .   (gloves unavailable)
Will    .....                   (boots unavailable)
Stlth   ++........              (no amulet)
HPRegen 0.97/turn               (no ring)
MPRegen 0.09/turn               (no ring)

@: no status effects
A: large, unfitting armour, claws 3, regeneration 1, shaggy fur 1, tough skin 1
a: no special abilities


You were on level 3 of the Dungeon.
You visited 1 branch of the dungeon, and saw 3 of its levels.

You collected 127 gold pieces.

Inventory:

Hand Weapons
 a - a +0 mace (weapon)
Missiles
 f - 9 sling bullets
 g - 135 stones (quivered)
 j - 13 arrows
Armour
 b - a +0 robe (worn)
 l - a +0 animal skin
Scrolls
 c - 2 scrolls of identify
 h - a scroll of immolation
Potions
 e - a potion of haste {unknown}
 i - a potion of heal wounds {unknown}
 k - a potion of curing {unknown}


   Skills:
 + Level 3.1 Fighting
 + Level 4.7 Maces & Flails
 + Level 3.4 Dodging
 + Level 1.1 Stealth


You had 4 spell levels left.
You didn't know any spells.
Your spell library contained the following spells:

 Spells                   Type           Power      Damage    Failure   Level
 Magic Dart               Conj           0%         1d3       45%         1
 Searing Ray              Conj           0%         2d4       58%         2
 Fulminant Prism          Conj/Hex       0%         3d6       99%         4


Dungeon Overview and Level Annotations

Branches:
Dungeon (3/15)

Altars:

Shops:
D:1 [


Innate Abilities, Weirdness & Mutations

You are too large for most types of armour.
You have claws for hands.
Your natural rate of healing is unusually fast.
You are covered in fur. (AC +1)
You have tough skin. (AC +1)


Message History

You hit zeram's ghost but do no damage.
Zeram's ghost is almost destroyed.
Zeram's ghost casts a spell at you.
You fall asleep.
Zeram's ghost hits you.
You wake up.
You miss zeram's ghost.
Zeram's ghost is almost destroyed.
Zeram's ghost hits you.
You miss zeram's ghost.
Zeram's ghost is almost destroyed.
Zeram's ghost hits you.
You miss zeram's ghost.
Zeram's ghost is almost destroyed.
Zeram's ghost hits you.
You closely miss zeram's ghost.
Zeram's ghost is almost destroyed.
Zeram's ghost closely misses you. Zeram's ghost hits you.
You sock zeram's ghost!
You destroy zeram's ghost!
Your Fighting skill increases to level 3!
You have reached level 5!
You hit the wyvern zombie.
The wyvern zombie is moderately damaged.
The wyvern zombie barely misses you. The wyvern zombie bites you!
You hit the wyvern zombie.
The wyvern zombie is moderately damaged.
The wyvern zombie barely misses you.
You hit the wyvern zombie.
The wyvern zombie is moderately damaged.
The wyvern zombie bites you!
* * * LOW HITPOINT WARNING * * *
The wyvern zombie bites you.
* * * LOW HITPOINT WARNING * * *
You hit the wyvern zombie.
The wyvern zombie is heavily damaged.
The wyvern zombie barely misses you.
You sock the wyvern zombie!
The wyvern zombie is severely damaged.
The wyvern zombie bites you!
You die...

#...##.########## #.# #.#
#...##.# #.# ###.# ######.#
#.# #...# ######.### ####.#
#.### .........##### #....#
#.# ###..........# #.####
#.# #.##....##.######.# #.#
###.##..#....ZZZ.##.# #.#
.##.##....##.###@##.# #.#
..##########.# #.##.# #.#
.##.#.#.####Z###.##.# #.#
###.....#.Z#.#......# #.# #
##$...'..#Z#.#.#### #.# #
#.(...'....#.#.# #.# #
##....'....#.#.##########.#
#
#.....#....#.#............#
#
#.#.#.######.##############


You could see a wyvern zombie, a centaur zombie and a bullfrog skeleton.

Vanquished Creatures
  The ghost of zeram the Sneak, an amateur SpEn (D:3)
  Robin (D:3)
  An adder (D:3)
  A worm (D:2)
  3 dart slugs
  4 orcs
  2 endoplasms
  A giant cockroach (D:1)
  11 goblins
  7 hobgoblins
  5 jackals
  2 quokkas
  5 ball pythons
  6 bats
  3 frilled lizards
  2 kobolds
  6 rats
61 creatures vanquished.

Notes
Turn   | Place    | Note
-------+----------+-------------------------------------------
     0 | D:1      | issech the Troll Monk began the quest for the Orb.
     0 | D:1      | Reached XP level 1. HP: 22/22 MP: 0/0
    50 | D:1      | Reached skill level 3 in Maces & Flails
   130 | D:1      | Reached XP level 2. HP: 29/29 MP: 1/1
   157 | D:1      | Found Fujawk's Antique Armour Shop.
   979 | D:2      | Reached XP level 3. HP: 36/36 MP: 2/2
  1706 | D:3      | Noticed Robin
  1742 | D:3      | Reached XP level 4. HP: 35/44 MP: 3/3
  1750 | D:3      | Killed Robin
  1933 | D:3      | Reached skill level 4 in Maces & Flails
  2219 | D:3      | Found a runed translucent gate.
  2219 | D:3      | Found a runed translucent gate.
  2220 | D:3      | Found a runed translucent gate.
  2223 | D:3      | Noticed zeram's ghost (amateur SpEn)
  2420 | D:3      | Found a faded altar of an unknown god.
  2527 | D:3      | Killed zeram's ghost
  2528 | D:3      | Reached XP level 5. HP: 25/53 MP: 4/4
  2532 | D:3      | Slain by a wyvern zombie

Illustrated notes

Levels and vault maps discovered:
D:1:      lightli_arrival_chessboard, layout_basic, serial_shops,
          nicolae_lakefront_shop
D:2:      layout_loops_ring, nicolae_concentric_dashed_squares_mild
D:3:      layout_loops_ring, gammafunk_ghost_necromancy,
          hellmonk_ecumenical_altar_heavens_door, uniq_robin

Skill      XL: |  1  2  3  4 |
---------------+-------------+-----
Maces & Flails | 3 4 |  4.7
Dodging        | 3 |  3.4
Fighting       | 3 |  3.1
Stealth        | |  1.1

Action                   |  1- 3 |  4- 6 || total
-------------------------+-------+-------++-------
Melee: Mace              |   155 |    66 ||   221
       Punch             |       |     1 ||     1
  Use: Scroll            |       |     3 ||     3
 Stab: Sleeping          |     2 |       ||     2
Armor: Robe              |    71 |    22 ||    93
Dodge: Dodged            |   124 |    42 ||   166
